 Dungeon Crawl Stone Soup version 0.26-a0-466-g989023bd0d (webtiles) character file.

Game seed: 5554673737310343600

19660 bmfx the Thaumaturge (level 12, -8/88 HPs)
             Began as a Palentonga Conjurer on Aug 3, 2020.
             Was a High Priest of Vehumet.
             Mangled by a swamp worm (16 damage)
             ... on level 2 of the Lair of Beasts.
             The game lasted 00:40:44 (16039 turns).

bmfx the Thaumaturge (Palentonga Conjurer)         Turns: 16039, Time: 00:40:45

Health: -8/88      AC: 10    Str: 12    XL:     12   Next: 38%
Magic:  17/26      EV: 13    Int: 27    God:    Vehumet [*****.]
Gold:   549        SH:  0    Dex:  8    Spells: 10/31 levels left

rFire    . . .     SeeInvis +   a - +6 scimitar of Paownuss {venom, +Rage Int+4}
rCold    . . .     Faith    .   (no shield)
rNeg     . . .     Spirit   .   u - +2 robe {MR+}
rPois    .         Reflect  .   m - +2 helmet
rElec    .         Harm     .   K - +0 cloak
rCorr    .                      (no gloves)
MR       ++...                  (boots restricted)
Stlth    +.........             C - amulet of the acrobat
HPRegen  0.24/turn              q - ring of protection from magic
MPRegen  0.20/turn              g - +4 ring of evasion

@: about to teleport
A: large, rugged brown scales 3, see invisible, deformed body, roll, armoured
tail
a: Rolling Charge, Renounce Religion, Evoke Berserk Rage


You were on level 2 of the Lair of Beasts.
You worshipped Vehumet.
Vehumet was extremely pleased with you.
You visited 3 branches of the dungeon, and saw 14 of its levels.

You collected 765 gold pieces.
You spent 216 gold pieces at shops.


Innate Abilities, Weirdness & Mutations

You are completely covered in rugged brown scales. (AC +3, +7% HP)
You have supernaturally acute eyesight. (SInv)
Armour fits poorly on your strangely shaped body.
You can roll at foes to attack.
You have a long armoured tail.

Dungeon Overview and Level Annotations

Branches:
Dungeon (11/15)            Temple (1/1) D:6            Lair (2/6) D:8
  Swamp (0/4) Lair:2          Orc (0/2) D:9
  Snake: Lair:2-4    Spider: Lair:2-4

Altars:
Ashenzari
Cheibriados
Dithmenos
Fedhas
Hepliaklqana
Makhleb
Nemelex Xobeh
Okawaru
Qazlal
Ru
Sif Muna
Uskayaw
Vehumet
Wu Jian
Xom
Yredelemnul
Zin
The Shining One

Shops:
D:7 (

Annotations:
D:11 exclusion: acid dragon


   Skills:
 - Level 4.0 Fighting
 - Level 1.5 Dodging
 - Level 1.2 Stealth
 + Level 1.7 Shields
 + Level 10.3 Spellcasting
 - Level 10.0 Conjurations
 - Level 2.0 Translocations
 + Level 10.3 Ice Magic
 - Level 5.0 Evocations


You had 10 spell levels left.
You knew the following spells:

 Your Spells              Type           Power        Failure   Level
b - Blink                 Tloc           N/A          2%          2
A - Magic Dart            Conj           ####         1%          1
B - Searing Ray           Conj           ######       1%          2
C - Iskenderun's Mystic   Conj/Tloc      #####...     1%          4
D - Fulminant Prism       Conj/Hex       #####.....   1%          4
E - Freeze                Ice            ####         1%          1
F - Mephitic Cloud        Conj/Pois/Air  ####....     1%          3
G - Hailstorm             Conj/Ice       ######..     1%          4

Your spell library contained the following spells:

 Spells                   Type           Power        Failure   Level
 Lightning Bolt           Conj/Air       #####.....   4%          5
 Apportation              Tloc           ###...       1%          1
 Foxfire                  Conj/Fire      ####         1%          1
 Sandblast                Erth           ##....       1%          1
 Conjure Flame            Conj/Fire      #####...     1%          3
 Dazzling Flash           Conj/Hex       #####.       1%          3
 Stone Arrow              Conj/Erth      #####.       1%          3
 Sticky Flame             Conj/Fire      #####...     1%          4
 Inner Flame              Hex/Fire       ##......     3%          3
 Fireball                 Conj/Fire      #####.....   4%          5
 Gell's Gravitas          Tloc           ###.......   5%          3
 Lesser Beckoning         Tloc           ###.......   5%          3
 Call Imp                 Summ           ##......     6%          2
 Passwall                 Tmut/Erth      ##......     6%          2
 Slow                     Hex            ##......     6%          2
 Confusing Touch          Hex            ##......     12%         3
 Tukima's Dance           Hex            ##......     12%         3
 Metabolic Englaciation   Hex/Ice        #####.....   14%         5
 Lee's Rapid Deconstruct  Erth           ##........   28%         5
 Yara's Violent Unravell  Hex/Tmut       ##........   28%         5
 Petrify                  Tmut/Erth      ##......     38%         4
 Alistair's Intoxication  Tmut/Pois      ##.......    75%         5
 Invisibility             Hex            ##......     99%         6

Action                   |  1- 3 |  4- 6 |  7- 9 | 10-12 || total
-------------------------+-------+-------+-------+-------++-------
Melee: Unarmed           |     8 |       |       |       ||     8
       Whip              |       |     4 |       |       ||     4
       Spear             |       |    10 |       |       ||    10
       Great mace        |       |       |    35 |    17 ||    52
       Tailslap          |       |       |     3 |     5 ||     8
       Scimitar          |       |       |       |    20 ||    20
 Cast: Magic Dart        |    39 |    11 |    37 |    64 ||   151
       Searing Ray       |    17 |    19 |    69 |   119 ||   224
       Mephitic Cloud    |       |       |       |    10 ||    10
       Iskenderun's Myst |       |       |       |    33 ||    33
       Hailstorm         |       |       |       |    20 ||    20
       Fulminant Prism   |       |       |       |     4 ||     4
 Abil: Rolling Charge    |       |     1 |    12 |     9 ||    22
Evoke: Wand              |       |       |       |     2 ||     2
  Use: Scroll            |    10 |     3 |     5 |    10 ||    28
       Potion            |       |       |     1 |     2 ||     3
 Stab: Confused          |       |       |       |     1 ||     1
Armor: Robe              |     9 |    10 |    26 |    21 ||    66
       Skin              |       |       |     6 |     5 ||    11
Dodge: Dodged            |    20 |    21 |    87 |    84 ||   212
       Rpst.: Scimitar   |       |       |       |    14 ||    14

Skill      XL: |  1  2  3  4  5  6  7  8  9 10 11 12 |
---------------+-------------------------------------+-----
Conjurations   | 4 5 7 8 10 | 10.0
Spellcasting   | 3 4 7 9 10 | 10.3
Fighting       | 4 |  4.0
Evocations     | 5 |  5.0
Ice Magic      | 7 10 | 10.3
Translocations | 2 |  2.0
Shields        | 1 |  1.7
Dodging        | |  1.5
Stealth        | |  1.2

Inventory:

Hand Weapons
 a - the +6 scimitar of Paownuss (weapon) {venom, +Rage Int+4}
   (You bought it in a shop on level 7 of the Dungeon)

   It poisons the flesh of those it strikes.
   It affects your intelligence (+4).
   It lets you go berserk.
 b - the +7 great mace "Undeadhunter" {disrupt, rN+}
   (You found it on level 4 of the Dungeon)

   It protects you from negative energy.
Armour
 e - a +0 kite shield
 k - the +1 robe of Articulation {rPois Regen+ Dex-5}
   (You took it off an orc wizard on level 5 of the Dungeon)

   It affects your dexterity (-5).
   It protects you from poison.
   It increases your rate of regeneration.
 m - a +2 helmet (worn)
 u - a +2 robe of magic resistance (worn)
 B - a +2 leather armour of fire resistance
 I - a +2 robe of cold resistance
 K - a +0 cloak (worn)
Magical Staves
 d - an uncursed staff of cold
 F - an uncursed staff of earth
Jewellery
 g - a +4 ring of evasion (right hand)
 n - an uncursed ring of protection from cold
 q - a ring of protection from magic (left hand)
 s - an uncursed ring of resist corrosion
 C - an amulet of the acrobat (around neck)
 J - an uncursed ring of fire
 L - an uncursed ring of flight
Wands
 y - a wand of acid (9)
 G - a wand of clouds (5)
 H - a wand of digging (7)
 M - a wand of flame (19)
 N - a wand of iceblast (8)
Scrolls
 c - 2 scrolls of enchant weapon
 i - 3 scrolls of immolation
 j - 2 scrolls of enchant armour
 l - 7 scrolls of remove curse {@r4}
 x - 7 scrolls of teleportation {@r1}
 O - a scroll of vulnerability
Potions
 h - a potion of lignification
 o - a potion of magic
 p - 3 potions of mutation
 r - 3 potions of cancellation
 t - 2 potions of brilliance
 v - 3 potions of flight
 w - 4 potions of haste {@q4}
 z - a potion of might
 A - a potion of stabbing
 E - 4 potions of curing {unknown}
Miscellaneous
 D - a phial of floods

##....P#..P####.#......
#.......#.## ###.#.P##
#...#...#.# #.#####
#...#.....## #.## #
#...♣......# ###..#
##..♣♣♣♣♣..###.#..P# #
##P.♣♣§≈§♣♣... ....# #
#P..♣§§ww§♣§.## #...# #
#P..♣§w@§≈§§..# #..P# #
##..♣≈ww§≈♣§.##
#...#### ##.♣♣≈♣§♣♣.#.#
#..###.. ##.#♣♣
♣♣...####.....[. #.!#
#..## #....#... ##.##
#..# #...P##.. ##..#
#..# ##..####. #P.##
##..#####..# ##. ##.##
#...##..#..# #..


You could see a tyrant leech and 4 swamp worms.

Vanquished Creatures
  Fannar (Lair:1)
  2 hydras
  Erica (D:11)
  3 two-headed ogres
  Pikel (D:4)
  Joseph (D:7)
  2 cane toads
  4 komodo dragons (Lair:1)
  A hornet (D:11)
  10 blink frogs (Lair:2)
  3 hippogriffs
  Sigmund (D:2)
  15 yaks
  A basilisk (D:8)
  2 wyverns
  Menkaure (D:4)
  A swamp worm (Lair:2)
  Edmund (D:5)
  3 water moccasins
  7 porcupines
  Duvessa (D:5)
  2 orc warriors
  4 sky beasts
  4 black bears
  2 ice beasts (D:6)
  An eye of draining (D:11)
  A wolf (D:8)
  A phantom (D:11)
  6 centaurs
  7 ogres
  3 crocodiles (D:8)
  A big kobold (D:8)
  2 lemures (D:4)
  5 bullfrogs
  A gnoll sergeant (D:7)
  Dowan (D:5)
  6 scorpions
  5 killer bees (D:9)
  8 wights
  A howler monkey (D:9)
  A bullfrog zombie (D:6)
  A jelly (D:10)
  An orc priest (D:9)
  2 bullfrog skeletons
  A quasit (D:8)
  4 centaur skeletons
  4 hounds
  3 iguanas
  Ijyb (D:3)
  13 orc wizards
  8 worker ants
  A killer bee zombie (D:7)
  A hound zombie (D:7)
  A hound skeleton (D:11)
  Robin (D:4)
  2 worker ant zombies
  26 gnolls
  8 adders
  3 white imps
  2 adder zombies
  2 adder skeletons (D:6)
  3 worms
  A dart slug (D:1)
  7 leopard geckos
  34 orcs
  4 giant cockroaches
  11 goblins
  6 hobgoblins
  20 jackals
  6 quokkas
  A ball python (D:1)
  5 bats
  2 frilled lizards
  A jackal skeleton (D:6)
  A jackal zombie (D:5)
  12 kobolds
  2 leopard gecko zombies
  A quokka skeleton (D:4)
  A quokka zombie (D:6)
  2 rats (D:1)
  2 fungi
331 creatures vanquished.

Vanquished Creatures (collateral kills)
  2 plants (D:8)
2 creatures vanquished.

Vanquished Creatures (others)
  4 fulminant prisms
  7 fungi
  A plant (D:8)
12 creatures vanquished.

Grand Total: 345 creatures vanquished

Levels and vault maps discovered:
D:1:      lemuel_arrival_lava_pool, layout_loops_ring
D:2:      layout_basic, uniq_sigmund
D:3:      layout_loops_ring, minitemple, chequers_ecumenical_altar_grove,
          glass_columns_c, uniq_ijyb
D:4:      layout_rooms, gammafunk_temple_overflow_elements, uniq_pikel,
          uniq_robin, uniq_menkaure
D:5:      layout_cave_pools, basic_altar, uniq_edmund, uniq_duvessa
D:6:      minmay_octagon_keep, layout_basic, minmay_temple_entry_junction
D:7:      layout_gridville, serial_shops, shop, grunt_ministairs_1,
          hangedman_decor_push, uniq_joseph
D:8:      layout_basic, marbit_many_paths, minmay_lair_entry_grove
D:9:      layout_rooms, led_sif_book, minmay_bent
D:10:     layout_rooms, basic_altar
D:11:     layout_irregular_city, library_closet, uniq_erica
Temple:   eino_temple_rhombus
Lair:1:   layout_hall_layers, uniq_fannar
Lair:2:   layout_chaotic_city, minmay_swamp_entry_worms


Message History

The swamp worm is knocked back by the mystic blast.
The swamp worm slams into the tree!
The swamp worm fires a harpoon shot at you.
The harpoon shot hits you!
You are yanked forward by the harpoon shot.
The swamp worm bites you!
The tyrant leech misses you. 2 swamp worms come into view.
Okay, then.
Okay, then.
As you read the scroll of teleportation {@r1}, it crumbles to dust.
You feel strangely unstable. The swamp worm bites you.
The swamp worm closely misses you. The swamp worm misses you.
The swamp worm bites you!!
You feel much better. The swamp worm bites you! x2
The tyrant leech bites you.
The tyrant leech draws strength from your injuries!
The swamp worm bites you!!
* * * LOW HITPOINT WARNING * * *
The swamp worm bites you!
You die...

Notes
Turn   | Place    | Note
-------+----------+-------------------------------------------
     0 | D:1      | bmfx the Palentonga Conjurer began the quest for the Orb.
     0 | D:1      | Reached XP level 1. HP: 13/13 MP: 3/3
   687 | D:1      | Reached XP level 2. HP: 20/20 MP: 1/5
   691 | D:1      | Learned a level 2 spell: Searing Ray
  1427 | D:2      | Noticed Sigmund
  1991 | D:2      | Reached XP level 3. HP: 25/25 MP: 3/6
  2679 | D:3      | Noticed Ijyb
  2898 | D:3      | Found a faded altar of an unknown god.
  3229 | D:3      | Found a blossoming altar of Fedhas.
  3235 | D:3      | Found a hazy altar of Hepliaklqana.
  3345 | D:4      | Noticed Menkaure
  3423 | D:4      | Noticed Pikel
  3423 | D:4      | Noticed a lemure
  3423 | D:4      | Noticed a lemure
  3423 | D:4      | Noticed a lemure
  3423 | D:4      | Noticed a lemure
  3716 | D:4      | Reached XP level 4. HP: 32/32 MP: 4/8
  3956 | D:3      | Reached XP level 5. HP: 35/37 MP: 8/10
  3974 | D:3      | Learned a level 4 spell: Iskenderun's Mystic Blast
  4154 | D:5      | Entered Level 5 of the Dungeon
  4163 | D:5      | Reached skill level 5 in Conjurations
  4255 | D:5      | Reached XP level 6. HP: 41/43 MP: 7/12
  4374 | D:5      | Identified the +1 robe of Articulation {rPois Regen+ Dex-5}
  4436 | D:4      | Killed Menkaure
  4505 | D:4      | Learned a level 4 spell: Fulminant Prism
  4527 | D:4      | Found the +7 great mace "Undeadhunter" {disrupt, rN+}
  4569 | D:4      | Noticed Robin
  4752 | D:4      | Reached XP level 7. HP: 49/49 MP: 9/13
  4831 | D:4      | Killed Robin
  5215 | D:4      | Killed Pikel
  5389 | D:4      | Found a shattered altar of Ashenzari.
  5389 | D:4      | Found a shimmering altar of Xom.
  5437 | D:5      | Reached XP level 8. HP: 50/55 MP: 11/14
  5894 | D:5      | Found a sparkling altar of Nemelex Xobeh.
  5895 | D:5      | Noticed Edmund
  5949 | D:5      | Noticed Duvessa
  6485 | D:6      | Reached skill level 10 in Conjurations
  6650 | D:6      | Found a staircase to the Ecumenical Temple.
  6659 | D:6      | Got a translucent longbow
  6666 | Temple   | Entered the Ecumenical Temple
  6667 | Temple   | Identified the +3 longbow of Enesiju {venom, *Corrode rF+
                  | MR+ Stlth+} (You found it on level 6 of the Dungeon)
  6700 | Temple   | Became a worshipper of Vehumet
  7236 | D:6      | Reached XP level 9. HP: 44/69 MP: 11/15
  7582 | D:6      | Reached * piety under Vehumet
  7582 | D:6      | Offered knowledge of Shock by Vehumet.
  7582 | D:6      | Reached skill level 5 in Spellcasting
  7675 | D:7      | Noticed Joseph
  8334 | D:7      | Killed Joseph
  8765 | D:7      | Reached ** piety under Vehumet
  8776 | D:7      | Reached skill level 5 in Evocations
  8808 | D:7      | Offered knowledge of Freeze by Vehumet.
  8814 | D:7      | Learned a level 1 spell: Freeze
  8892 | D:7      | Found Oxanal's Antique Weapon Boutique.
  8898 | D:7      | Reached XP level 10. HP: 75/75 MP: 15/20
  8943 | D:7      | Bought a twisted scimitar for 216 gold pieces
  8943 | D:7      | Identified the +6 scimitar of Paownuss {venom, +Rage Int+4}
                  | (You bought it in a shop on level 7 of the Dungeon)
  8966 | D:7      | Reached skill level 1 in Ice Magic
  9975 | D:8      | Offered knowledge of Mephitic Cloud by Vehumet.
 10009 | D:8      | Learned a level 3 spell: Mephitic Cloud
 10039 | D:8      | Reached skill level 5 in Ice Magic
 10131 | D:8      | Found a staircase to the Lair.
 10289 | D:8      | Found a burning altar of Makhleb.
 10603 | D:2      | Killed Sigmund
 10795 | D:3      | Killed Ijyb
 10932 | D:5      | Killed Edmund
 11008 | D:5      | Noticed Dowan
 11021 | D:5      | Killed Duvessa
 11021 | D:5      | Killed Dowan
 11165 | D:8      | Reached *** piety under Vehumet
 11540 | D:9      | Offered knowledge of Inner Flame by Vehumet.
 11663 | D:9      | Noticed a two-headed ogre
 11696 | D:9      | Killed a two-headed ogre
 11696 | D:9      | Reached XP level 11. HP: 64/82 MP: 12/21
 12017 | D:9      | Reached **** piety under Vehumet
 12153 | D:9      | Found a shimmering blue altar of Sif Muna.
 12215 | D:9      | Found a staircase to the Orcish Mines.
 12537 | D:10     | Entered Level 10 of the Dungeon
 12559 | D:10     | Offered knowledge of Hailstorm by Vehumet.
 12569 | D:9      | Learned a level 4 spell: Hailstorm
 12956 | D:10     | Found a burning altar of Makhleb.
 13110 | D:11     | Noticed a two-headed ogre
 13234 | D:11     | Noticed a two-headed ogre
 13251 | D:11     | Killed a two-headed ogre
 13566 | D:11     | Killed a two-headed ogre
 13752 | D:11     | Reached skill level 10 in Ice Magic
 13917 | D:11     | Learned a level 2 spell: Blink
 13949 | D:11     | Noticed Erica
 13953 | D:11     | Killed Erica
 13953 | D:11     | Reached skill level 1 in Translocations
 14381 | Lair:1   | Entered Level 1 of the Lair of Beasts
 14386 | Lair:1   | Noticed Fannar
 14468 | Lair:1   | Killed Fannar
 15141 | Lair:1   | Noticed a five-headed hydra
 15153 | Lair:1   | Reached XP level 12. HP: 88/88 MP: 14/25
 15154 | Lair:1   | Killed a five-headed hydra
 15436 | Lair:2   | Noticed a four-headed hydra
 15440 | Lair:2   | Killed a four-headed hydra
 15440 | Lair:2   | Reached skill level 10 in Spellcasting
 15601 | Lair:2   | Reached skill level 1 in Shields
 16029 | Lair:2   | Found a staircase to the Swamp.
 16033 | Lair:2   | Reached ***** piety under Vehumet
 16033 | Lair:2   | Offered knowledge of Lightning Bolt by Vehumet.
 16039 | Lair:2   | Mangled by a swamp worm
